 Dungeon Crawl Stone Soup version 0.18.1-48-g4cf74bf (webtiles) character file.

78450 Joat the Bludgeoner (level 15, -8/201 HPs)
             Began as a Minotaur Fighter on Aug 19, 2016.
             Was the Champion of the Shining One.
             Mangled by a wolf spider (12 damage)
             ... on level 4 of the Lair of Beasts on Aug 20, 2016.
             The game lasted 02:35:22 (25833 turns).

Joat the Bludgeoner (Minotaur Fighter)             Turns: 25833, Time: 02:35:22

Health: -8/201     AC: 22    Str: 27    XL:     15   Next: 18%
Magic:  19/19      EV: 12    Int: 11    God:    the Shining One [******]
Gold:   1753       SH: 16    Dex: 12    Spells: 2 memorised, 13 levels left

rFire  + . .     SeeInvis .     T - +3 morningstar (flame)
rCold  + . .     Gourm    .     F - +1 plate armour {rC+}
rNeg   + + +     Faith    .     D - +2 shield
rPois  +         Spirit   .     (helmet restricted)
rElec  .         Dismiss  .     I - +0 cloak
rCorr  .         Reflect  .     u - +1 pair of gloves
SustAt .         Harm     .     U - +0 pair of boots {rF+}
MR     +++++     Clarity  +     N - amulet of the Four Winds {rN+ MR+++ Clar}
Stlth  ..........               O - ring of the Mage {Wiz MR++ Int+3}
                                y - ring of poison resistance

@: berserking, very slightly contaminated, glowing, very quick, almost entirely
resistant to hostile enchantments, extremely unstealthy
A: retaliatory headbutt, horns 2
a: Divine Shield, Cleansing Flame, Summon Divine Warrior, Brand Weapon With Holy
Wrath, Renounce Religion


You were on level 4 of the Lair of Beasts.
You worshipped the Shining One.
The Shining One was exalted by your worship.
You were hungry.

You visited 4 branches of the dungeon, and saw 21 of its levels.
You also visited: Volcano.

You collected 2142 gold pieces.
You spent 389 gold pieces at shops.

Inventory:

Hand Weapons
 a - a +0 triple crossbow
 T - a +3 morningstar of flaming (weapon)
 W - the +11 hunting sling of Hecza {freeze, rPois Str+4}
   (You found it on level 8 of the Lair of Beasts)

   It causes projectiles fired from it to freeze those they strike, causing
   extra injury to most foes and up to half again as much damage against
   particularly susceptible opponents.
   They can also slow down cold-blooded creatures.
   It affects your strength (+4).
   It protects you from poison.
Missiles
 C - 8 steel tomahawks (quivered)
 X - 435 stones
 Z - 123 sling bullets
Armour
 u - a +1 pair of gloves (worn)
 D - a +2 shield (worn)
 F - a +1 plate armour of cold resistance (worn)
 I - a +0 cloak (worn)
 U - a +0 pair of boots of fire resistance (worn)
Jewellery
 m - an uncursed ring of ice {unknown}
 y - a ring of poison resistance (left hand)
 N - the amulet of the Four Winds (around neck) {rN+ MR+++ Clar}
   (You found it in a volcano)

   [amulet of nothing]

   It protects you from negative energy.
   It affects your resistance to hostile enchantments.
   It protects you against confusion.
 O - the ring of the Mage (right hand) {Wiz MR++ Int+3}
   (You found it on level 8 of the Lair of Beasts)

   [ring of wizardry]

   It improves your spell success rate.
   It affects your intelligence (+3).
   It affects your resistance to hostile enchantments.
Wands
 b - a wand of digging (8/24)
 c - a wand of disintegration (8/24)
 k - a wand of acid (8/15)
 o - a wand of iceblast (5/15)
 R - a wand of teleportation (5/9)
Scrolls
 h - a scroll of blinking
 j - 8 scrolls of teleportation
 p - 2 scrolls of magic mapping
 q - a scroll of fog
 t - 3 scrolls of identify
 G - 3 scrolls of remove curse
 H - a scroll of recharging
 L - 3 scrolls of fear
Potions
 d - 4 potions of might
 e - 9 potions of curing
 g - 3 potions of agility
 i - 4 potions of heal wounds
 n - 2 potions of flight
 r - 3 potions of magic
 s - a potion of cancellation
 x - 7 potions of lignification
 S - a potion of berserk rage
 V - 3 potions of haste
Miscellaneous
 l - a box of beasts
Comestibles
 f - 15 bread rations


   Skills:
 + Level 12.8 Fighting
   Level 2.5(11.7) Axes
 * Level 17.0(17.1) Maces & Flails
 + Level 12.7 Armour
 - Level 10.0 Dodging
 * Level 14.8 Shields
 - Level 1.0 Spellcasting
 - Level 3.1 Summonings
 + Level 6.9 Invocations


You had 13 spell levels left.
You knew the following spells:

 Your Spells              Type           Power        Failure   Level  Hunger
q - Shroud of Golubria    Chrm/Tloc      #.........   98%         2    ###....
w - Summon Butterflies    Summ           #.......     45%         1    ##.....


Dungeon Overview and Level Annotations

Branches:
Dungeon (10/15)            Temple (0/1) D:5            Lair (8/8) D:10
 Shoals (0/4) Lair:4       Spider (1/4) Lair:4        Slime (0/6) Lair:7
    Orc (2/2) D:10            Elf (0/3) Orc:2

Altars:
Ashenzari
Fedhas
Gozag
Kikubaaqudgha
Makhleb
Pakellas
Qazlal
Ru
Vehumet
Yredelemnul
Zin
The Shining One
Jiyva

Shops:
D:4 %   D:5 [   D:9 ?   D:10 ((   Orc:2 :[*(

Annotations:
Lair:7 1 runed door, exclusion: door


Innate Abilities, Weirdness & Mutations

You reflexively headbutt those who attack you in melee.
You have a pair of horns on your head.


Message History

Unknown command.
Unknown command.
Unknown command.
Unknown command.
Unknown command.
Unknown command.
Unknown command.
Unknown command.
Unknown command.
Unknown command.
You are too berserk!
You are too berserk!
Eat which item? (? for menu, Esc to quit)
Okay, then.
Unknown command.
You feel a strong urge to attack something.
You sock the wolf spider! You burn the wolf spider.
The wolf spider is heavily wounded.
The wolf spider closely misses you. The wolf spider bites you!
You die...

.............####.# ##.P#
..................# #..#
...............P..# #########..##
...............#..###^#^#.#^#^..#
..................##.#.#.#.###..P
..................#.#.###.#.##..#
P....................#.###...≈..#
.................s....#.#..s.≈..#
................@s...#.#.#...≈..#
..................#.#######^###..
..................##.#.###.####.#
..................###.#^#.#.#.###
..................###########..##
.P.................#########.....
...........................†.....
...........P................>....
...................†........†....


You could see a demonic crawler and a wolf spider (berserk).

Vanquished Creatures
  Maud (Orc:1)
  An orc warlord (Orc:1)
  A stone giant (Orc:1)
  The ghost of Nahar the Blocker, a journeyman DDFi of Makhleb (Lair:8)
  6 dire elephants (Lair:8)
  The ghost of junkhipster the Blocker, a journeyman GrFi of Cheibriados (Lair:8)
  Snorg (D:10)
  A hydra (Lair:8)
  A centaur warrior (Volcano)
  A catoblepas (Lair:6)
  An anaconda (Lair:8)
  A queen ant (Lair:5)
  2 death yaks (Lair:6)
  An orange crystal statue (D:10)
  5 orc knights
  3 oklob plants (Lair:8)
  8 orc sorcerers
  A griffon (Lair:2)
  A cyclops (Orc:2)
  2 centaur zombies (D:10)
  4 black mambas
  39 elephants
  14 spiny frogs
  A torpor snail (Lair:3)
  4 rime drakes
  A yaktaur (Volcano)
  12 komodo dragons
  Prince Ribbit (D:8)
  5 trolls
  5 jumping spiders (Lair:4)
  21 blink frogs
  A two-headed ogre (Orc:2)
  A boulder beetle (Lair:7)
  A slime creature (Lair:2)
  A snapping turtle (Lair:4)
  A redback (Lair:4)
  3 fire bats (Volcano)
  A human (D:10)
  45 yaks
  6 basilisks
  11 hippogriffs
  A hungry ghost (D:10)
  5 soldier ants (Lair:5)
  3 wargs
  Menkaure (D:6)
  15 water moccasins
  12 porcupines
  A swamp drake (D:10)
  20 orc warriors
  4 sky beasts
  A phantom (D:4)
  2 ice beasts
  A black bear (D:9)
  2 necrophages
  13 ogres
  5 centaurs
  12 crocodiles
  2 big kobolds
  21 giant frogs
  4 scorpions
  6 killer bees
  6 howler monkeys
  3 crimson imps
  3 lava snakes (Volcano)
  A giant frog zombie (D:5)
  8 orc priests
  9 jellies
  2 centaur skeletons
  A giant frog skeleton (D:4)
  9 hounds
  18 orc wizards
  5 iguanas
  Terence (D:3)
  15 worker ants
  18 sheep
  A hound zombie (D:10)
  2 hound skeletons
  Robin (D:3)
  A worker ant zombie (D:10)
  12 gnolls
  2 howler monkey skeletons
  10 adders
  76 river rats
  2 shadow imps
  14 oozes (Lair:2)
  An adder zombie (D:5)
  2 worms
  The ghost of pedritolo the Charlatan, a weakling FoAr (D:7)
  4 dart slugs
  7 giant geckos
  56 orcs
  8 giant cockroaches
  14 goblins
  8 hobgoblins
  8 jackals
  8 quokkas
  A ball python (D:2)
  2 bats
  9 giant newts
  A goblin skeleton (D:4)
  4 hobgoblin zombies (D:4)
  14 kobolds
  A kobold skeleton (D:4)
  2 orc skeletons (D:4)
  2 quokka skeletons
  3 rats
  A butterfly (D:5)
  3 fungi
  7 plants
736 creatures vanquished.

Vanquished Creatures (others)
  44 fungi
  33 plants
77 creatures vanquished.

Grand Total: 813 creatures vanquished

Notes
Turn   | Place    | Note
--------------------------------------------------------------
     0 | D:1      | Joat the Minotaur Fighter began the quest for the Orb.
     0 | D:1      | Reached XP level 1. HP: 19/19 MP: 0/0
    48 | D:1      | Reached skill level 1 in Maces & Flails
   123 | D:1      | Reached skill level 2 in Maces & Flails
   123 | D:1      | Reached XP level 2. HP: 26/26 MP: 1/1
   842 | D:2      | Reached skill level 3 in Maces & Flails
   892 | D:2      | Found a glowing silver altar of Zin.
   892 | D:2      | Noticed an angel
   941 | D:2      | Reached XP level 3. HP: 28/31 MP: 2/2
  1066 | D:2      | Found a basalt altar of Yredelemnul.
  1708 | D:3      | Noticed Terence
  1713 | D:3      | Killed Terence
  1713 | D:3      | Reached skill level 4 in Maces & Flails
  1713 | D:3      | Reached XP level 4. HP: 39/39 MP: 3/3
  1763 | D:3      | Found a stormy altar of Qazlal.
  1763 | D:3      | Found a blossoming altar of Fedhas.
  1854 | D:3      | Found an opulent altar of Gozag.
  1856 | D:3      | Found a glowing golden altar of the Shining One.
  1863 | D:3      | Became a worshipper of the Shining One
  2226 | D:3      | Reached skill level 5 in Maces & Flails
  2226 | D:3      | Reached XP level 5. HP: 45/45 MP: 4/4
  2242 | D:3      | Noticed Robin
  2278 | D:3      | Killed Robin
  2326 | D:3      | Found a blossoming altar of Fedhas.
  2738 | D:4      | Found Ekkiphox's Food Shoppe.
  2828 | D:4      | Reached XP level 6. HP: 51/52 MP: 5/5
  2854 | D:4      | Reached skill level 6 in Maces & Flails
  2998 | D:4      | Found a glowing golden altar of the Shining One.
  2998 | D:4      | Reached * piety under the Shining One
  3254 | D:4      | Found a burning altar of Makhleb.
  3393 | D:4      | Reached XP level 7. HP: 55/60 MP: 6/6
  3508 | D:5      | Entered Level 5 of the Dungeon
  3525 | D:5      | Reached skill level 7 in Maces & Flails
  3549 | D:5      | Found Duyzoir's Antique Armour Boutique.
  3594 | D:5      | Reached skill level 5 in Armour
  3747 | D:5      | Found a runed door.
  3755 | D:5      | Reached skill level 5 in Fighting
  3760 | D:5      | Found a runed door.
  3965 | D:5      | Reached skill level 8 in Maces & Flails
  4005 | D:5      | Reached ** piety under the Shining One
  4033 | D:5      | Found a staircase to the Ecumenical Temple.
  4569 | D:6      | Reached XP level 8. HP: 70/70 MP: 7/7
  4613 | D:6      | Reached skill level 1 in Dodging
  4613 | D:6      | Reached skill level 5 in Shields
  4709 | D:6      | Noticed Menkaure
  4712 | D:6      | Killed Menkaure
  4862 | D:6      | Reached skill level 9 in Maces & Flails
  4903 | D:6      | Found a radiant altar of Vehumet.
  5134 | D:6      | Found a stormy altar of Qazlal.
  5432 | D:7      | Reached XP level 9. HP: 73/78 MP: 8/8
  5434 | D:7      | Found a shattered altar of Ashenzari.
  5821 | D:7      | Noticed pedritolo's ghost (weakling FoAr)
  5836 | D:7      | Killed pedritolo's ghost
  5888 | D:7      | Found an ancient bone altar of Kikubaaqudgha.
  6070 | D:7      | Got a polished blowgun
  6071 | D:7      | Identified the +4 blowgun "Kawywk" {evade, +Fly rC- Str+5} (You found it on level 7 of the Dungeon)
  6308 | D:8      | Reached skill level 10 in Maces & Flails
  6398 | D:8      | Identified a scroll of acquirement
  6426 | D:8      | Got a pitted blowgun
  6427 | D:8      | Identified the +10 blowgun "Eticlirese" {evade, Int+2 Dex+6} (You found it on level 8 of the Dungeon)
  6597 | D:8      | Found a sacrificial altar of Ru.
  6638 | D:8      | Noticed Prince Ribbit
  6747 | D:8      | Killed Prince Ribbit
  6787 | D:8      | Found an oddly glowing altar of Pakellas.
  6910 | D:8      | Got a dazzling hat
  6916 | D:8      | Identified the -2 hat of the Pure Hells {Dex+3} (You acquired it on level 8 of the Dungeon)
  7439 | D:9      | Reached *** piety under the Shining One
  7592 | D:9      | Reached skill level 11 in Maces & Flails
  7604 | D:9      | Reached XP level 10. HP: 23/88 MP: 9/9
  7968 | D:9      | Found Cecefifo's Magic Scroll Shop.
  7984 | D:9      | Bought a scroll of enchant weapon for 90 gold pieces
  7984 | D:9      | Bought a scroll of enchant armour for 90 gold pieces
  8373 | D:10     | Entered Level 10 of the Dungeon
  8420 | D:10     | Found Tuopp's Weapon Boutique.
  8467 | D:10     | Found Jerphum's Weapon Shoppe.
  8469 | D:10     | Found a staircase to the Orcish Mines.
  8804 | D:10     | Noticed an orange crystal statue
  8805 | D:10     | Reached skill level 12 in Maces & Flails
  9124 | D:10     | Reached skill level 5 in Dodging
  9378 | D:10     | Found a staircase to the Lair.
  9482 | D:10     | Reached **** piety under the Shining One
  9674 | Lair:1   | Entered Level 1 of the Lair of Beasts
  9901 | Lair:1   | Noticed a spiny frog
  9920 | Lair:1   | Killed a spiny frog
  9920 | Lair:1   | Reached XP level 11. HP: 96/97 MP: 10/10
 10568 | Lair:2   | Reached skill level 13 in Maces & Flails
 10916 | Lair:2   | Noticed a griffon
 10945 | Lair:2   | Killed a griffon
 11558 | Lair:3   | Reached skill level 10 in Fighting
 11673 | Lair:3   | Reached skill level 10 in Armour
 12296 | Lair:4   | Reached ***** piety under the Shining One
 12332 | Lair:3   | Reached skill level 14 in Maces & Flails
 12425 | Lair:4   | Reached XP level 12. HP: 70/107 MP: 11/11
 12675 | Lair:4   | Reached skill level 10 in Shields
 13019 | Lair:4   | Found a staircase to the Shoals.
 13200 | Lair:4   | Found a hole to the Spider Nest.
 13681 | Lair:5   | Reached skill level 1 in Invocations
 13794 | Lair:5   | Learned a level 1 spell: Summon Butterflies
 14032 | Lair:5   | Reached skill level 1 in Summonings
 14536 | Lair:5   | Noticed a queen ant
 14544 | Lair:5   | Killed a queen ant
 14544 | Lair:5   | Reached XP level 13. HP: 107/116 MP: 14/14
 14680 | Lair:5   | Reached skill level 15 in Maces & Flails
 15217 | Lair:6   | Found a dark tunnel.
 15225 | Volcano  | Entered a volcano
 15492 | Volcano  | Found a bloodstained altar of Trog.
 17142 | Lair:7   | Found a runed door.
 17142 | Lair:7   | Found a viscous altar of Jiyva.
 17142 | Lair:7   | Found a staircase to the Slime Pits.
 17142 | Lair:7   | Noticed an acid blob
 17142 | Lair:7   | Noticed an acid blob
 17142 | Lair:7   | Noticed an acid blob
 17807 | Lair:8   | Entered Level 8 of the Lair of Beasts
 17849 | Lair:8   | Noticed Nahar's ghost (journeyman DDFi)
 18010 | Lair:8   | Noticed junkhipster's ghost (journeyman GrFi)
 18065 | Lair:8   | Killed junkhipster's ghost
 18065 | Lair:8   | Reached XP level 14. HP: 95/125 MP: 16/16
 18313 | Lair:8   | Killed Nahar's ghost
 18313 | Lair:8   | Reached skill level 5 in Invocations
 18601 | Lair:8   | Reached skill level 1 in Spellcasting
 18622 | Lair:8   | Got a dazzling hunting sling
 18859 | Lair:8   | Identified the +11 hunting sling of Hecza {freeze, rPois Str+4} (You found it on level 8 of the Lair of Beasts)
 20844 | Lair:8   | Reached skill level 16 in Maces & Flails
 21199 | Lair:8   | Reached ****** piety under the Shining One
 22119 | Lair:8   | Reached skill level 10 in Dodging
 22454 | Lair:1   | Learned a level 2 spell: Shroud of Golubria
 22559 | Orc:1    | Entered Level 1 of the Orcish Mines
 22582 | Orc:1    | Noticed Snorg
 22767 | D:10     | Killed Snorg
 23179 | Orc:2    | Entered Level 2 of the Orcish Mines
 23261 | Orc:2    | Noticed an orc warlord
 23688 | Orc:1    | Killed an orc warlord
 24102 | Orc:2    | Found Ycautula's Antique Armour Emporium.
 24385 | Orc:1    | Reached XP level 15. HP: 127/134 MP: 18/18
 24557 | Orc:2    | Found Heopra's General Store.
 24575 | Orc:2    | Found Uphuemuu's Antique Weapon Boutique.
 24577 | Orc:2    | Found a staircase to the Elven Halls.
 24705 | Orc:2    | Found Ruuryibb's Book Emporium.
 25031 | Orc:1    | Noticed Maud
 25148 | Orc:1    | Reached skill level 17 in Maces & Flails
 25225 | Orc:2    | Bought a pair of dazzling boots for 209 gold pieces
 25235 | Orc:2    | Identified the +0 pair of boots of the Illusory Lives {SInv} (You bought it in a shop on level 2 of the Orcish Mines)
 25286 | Orc:1    | Killed Maud
 25805 | Spider:1 | Entered Level 1 of the Spider Nest
 25831 | Lair:4   | HP: 3/201 [wolf spider (19)]
 25833 | Lair:4   | Mangled by a wolf spider

Skill      XL: |  1  2  3  4  5  6  7  8  9 10 11 12 13 14 15 |
---------------+----------------------------------------------+-----
Maces & Flails | 2 3 4 5 6 8 9 11 12 14 15 16 17 | 17.0
Shields        | 4 6 7 8 9 11 13 14 | 14.8
Armour         | 4 5 6 7 9 10 11 12 | 12.7
Fighting       | 4 5 6 7 9 10 11 12 | 12.8
Dodging        | 3 4 5 7 8 9 10 | 10.0
Invocations    | 3 4 6 |  6.9
Summonings     | 1 3 |  3.1
Spellcasting   | 1 |  1.0
Axes           | |  2.5

Action                   |  1- 3 |  4- 6 |  7- 9 | 10-12 | 13-15 || total
-------------------------+-------+-------+-------+-------+-------++-------
Melee: Whip              |   117 |   129 |   207 |     7 |       ||   460
       Headbutt          |    14 |    28 |    57 |   246 |   242 ||   587
       War axe           |     2 |       |       |       |       ||     2
       Flail             |       |       |    98 |   968 |   136 ||  1202
       Morningstar       |       |       |       |       |   903 ||   903
Evoke: Wand              |       |       |       |       |     8 ||     8
  Use: Scroll            |       |     6 |    18 |     9 |     7 ||    40
       Potion            |       |       |     2 |     1 |     6 ||     9
  Eat: Chunk             |     2 |     6 |    38 |    29 |    80 ||   155
       Royal jelly       |       |       |       |       |     1 ||     1
Armor: Scale mail        |    15 |       |       |       |       ||    15
       Plate armour      |    24 |       |       |       |     9 ||    33
       Chain mail        |       |    52 |   143 |   354 |   252 ||   801
Dodge: Dodged            |    41 |    42 |   103 |   243 |   277 ||   706
Block: Buckler           |    15 |    24 |    42 |     3 |       ||    84
       Shield            |       |       |       |   445 |   544 ||   989
       Reflection        |       |       |       |       |    11 ||    11
